 Dungeon Crawl Stone Soup version 0.26-a0-831-g7192265339 (webtiles) character file.

Game seed: 12805704034682409568

376 strifetoe the Chopper (level 6, -3/37 HPs)
             Began as a Gargoyle Monk on Nov 15, 2020.
             Was a Believer of Nemelex Xobeh.
             Slain by an ogre
             ... wielding a +0 giant club
              (17 damage)
             ... on level 4 of the Dungeon.
             The game lasted 00:03:35 (3144 turns).

strifetoe the Chopper (Gargoyle Monk)               Turns: 3144, Time: 00:03:36

Health: -3/37      AC: 12    Str: 16    XL:     6   Next: 73%
Magic:  6/6        EV:  7    Int: 11    God:    Nemelex Xobeh [**....]
Gold:   271        SH:  0    Dex: 18    Spells: 5/5 levels left

rFire    + . .     SeeInvis .   q - +4 whip (flame)
rCold    x . .     Faith    .   (no shield)
rNeg     + . .     Spirit   .   i - +0 chain mail
rPois    ∞         Reflect  .   (no helmet)
rElec    +         Harm     .   (no cloak)
rCorr    .         Rampage  .   (no gloves)
MR       .....                  (no boots)
Stlth    ..........             (no amulet)
HPRegen  0.12/turn              r - +6 ring of dexterity
MPRegen  0.10/turn              v - ring of fire

@: no status effects
A: negative energy resistance 1, electricity resistance, unbreathing,
petrification resistance, rot immunity, AC +4
a: Draw Escape, Draw Destruction, Draw Summoning, Renounce Religion


You were on level 4 of the Dungeon.
You worshipped Nemelex Xobeh.
Nemelex Xobeh was pleased with you.
You visited 1 branch of the dungeon, and saw 4 of its levels.

You collected 271 gold pieces.

Inventory:

Hand Weapons
 a - a +0 hand axe
 q - a +4 whip of flaming (weapon)
Armour
 b - a +0 robe
 h - a +0 leather armour
 i - a +0 chain mail (worn)
Jewellery
 r - a +6 ring of dexterity (left hand)
 t - an uncursed ring of positive energy
 v - a ring of fire (right hand)
Scrolls
 d - 5 scrolls of identify {unknown}
 e - 5 scrolls of random uselessness {unknown}
 g - 3 scrolls of remove curse {unknown}
 j - a scroll of fear {unknown}
 k - a scroll of enchant weapon {unknown}
 o - 2 scrolls of blinking {unknown}
 s - a scroll of magic mapping {unknown}
Potions
 c - 2 potions of mutation {unknown}
 f - a potion of curing {unknown}
 l - a potion of haste {unknown}
 m - a potion of attraction {unknown}
 n - 2 potions of flight {unknown}
 p - a potion of magic {unknown}
 u - 2 potions of might {unknown}


   Skills:
 - Level 3.2 Fighting
 - Level 5.1(5.8) Axes
 + Level 4.4(5.8) Maces & Flails
 - Level 2.4 Dodging
 - Level 2.1 Stealth


You had 5 spell levels left.
You didn't know any spells.
Your spell library was empty.

Dungeon Overview and Level Annotations

Branches:
Dungeon (4/15)
 Temple: D:4-7

Altars:
Ashenzari
Hepliaklqana
Nemelex Xobeh
The Shining One


Innate Abilities, Weirdness & Mutations

You are resistant to torment.
Your stone body is resilient. (AC +4)
You are immune to poison.
You resist negative energy. (rN+)
You are resistant to electric shocks. (rElec)
You can survive without breathing.
You are immune to petrification.
You are immune to rotting.


Message History

Okay, then.
You draw a card...
You have drawn Degeneration.
The ogre evaporates and reforms as an adder!
The adder twists and deforms.
The adder barely misses you.
You hit the adder. You burn the adder.
The adder is heavily wounded.
An ogre comes into view. It is wielding a +0 giant club.
The adder bites you.
The ogre shouts!
You hit the adder. You burn the adder.
You kill the adder!
The ogre hits you with a +0 giant club!!
Ouch! That really hurt!
Found 12 gold pieces.
You see here a +0 giant club.
You hit the ogre. You burn the ogre.
The ogre is lightly wounded.
The ogre hits you with a +0 giant club!
You die...
Your body disappears without a glow.

######### #.#
#.......# .........
#.# #.......#
.########
#.############
..##### #.........#
#.....# #########.#
......# #.# .#†####
#####.# ....#####.
#.....# ..........
#@#####
.#.............O..#
##..############.$#
.#..# #..# ....#
#..# ....# ...#
.###.# .#.# ## #.#
. .# # #.#


You could see an ogre.

Vanquished Creatures
  A necrophage (D:4)
  A bullfrog skeleton (D:4)
  Jessica (D:3)
  An iguana (D:4)
  2 worker ants (D:4)
  8 adders
  4 oozes
  A dart slug (D:1)
  5 leopard geckos
  3 orcs
  2 ball pythons
  4 giant cockroaches
  4 goblins (D:1)
  4 hobgoblins
  5 jackals (D:2)
  A quokka (D:3)
  7 bats
  4 frilled lizards
  8 kobolds
  5 rats
71 creatures vanquished.

Notes
Turn   | Place    | Note
-------+----------+-------------------------------------------
     0 | D:1      | strifetoe the Gargoyle Monk began the quest for the Orb.
     0 | D:1      | Reached XP level 1. HP: 14/14 MP: 1/1
    85 | D:1      | Reached skill level 3 in Axes
    92 | D:1      | Reached XP level 2. HP: 7/19 MP: 2/2
   418 | D:1      | Reached XP level 3. HP: 22/23 MP: 3/3
   950 | D:2      | Reached skill level 4 in Axes
   967 | D:2      | Reached XP level 4. HP: 7/28 MP: 4/4
  1642 | D:2      | Found a faded altar of an unknown god.
  1642 | D:2      | Found a broken altar of Ashenzari.
  1649 | D:2      | Found a sparkling altar of Nemelex Xobeh.
  1655 | D:2      | Found a faded altar of an unknown god.
  1657 | D:2      | Found a glowing golden altar of the Shining One.
  1675 | D:2      | Became a worshipper of Nemelex Xobeh the Trickster
  1675 | D:2      | Reached * piety under Nemelex Xobeh
  1675 | D:2      | Received a gift from Nemelex Xobeh
  1675 | D:2      | Reached ** piety under Nemelex Xobeh
  1862 | D:2      | Reached skill level 5 in Axes
  1885 | D:2      | Reached XP level 5. HP: 23/32 MP: 5/5
  2451 | D:2      | Reached skill level 1 in Maces & Flails
  2478 | D:3      | Noticed Jessica
  2482 | D:3      | Killed Jessica
  2532 | D:3      | Found a hazy altar of Hepliaklqana.
  2590 | D:3      | Received a gift from Nemelex Xobeh
  2899 | D:4      | Noticed a necrophage
  2919 | D:4      | Killed a necrophage
  2920 | D:4      | Reached XP level 6. HP: 36/37 MP: 6/6
  3144 | D:4      | Slain by an ogre

Illustrated notes

Levels and vault maps discovered:
D:1:      eino_arrival_cavern_c, layout_loops_ring
D:2:      kennysheep_six_static_rooms, layout_rooms,
          chequers_temple_overflow_minitemple
D:3:      layout_rooms, nicolae_overflow_crystal_walls, uniq_jessica
D:4:      layout_loops_ring, ashenzari_altar_1

Skill      XL: |  1  2  3  4  5  6 |
---------------+-------------------+-----
Axes           | 3 4 5 |  5.1
Maces & Flails | 3 4 |  4.4
Fighting       | |  3.2
Dodging        | |  2.4
Stealth        | |  2.1

Action                   |  1- 3 |  4- 6 || total
-------------------------+-------+-------++-------
Melee: Hand axe          |    84 |    84 ||   168
       Whip              |       |    75 ||    75
Invok: Draw Destruction  |       |     1 ||     1
 Stab: Sleeping          |     4 |     4 ||     8
Armor: Robe              |    28 |    17 ||    45
       Leather armour    |       |    25 ||    25
       Chain mail        |       |    75 ||    75
Dodge: Dodged            |    65 |    89 ||   154

Table legend: (Time is in decaauts)
 A = Elapsed time spent in this place.
 B = Non-inter-level travel time spent in this place.
 C = Inter-level travel time spent in this place.
 D = Time resting spent in this place.
 E = Time spent auto-exploring this place.
 F = Levels seen in this place.
 G = Mean time per level.
                   A        B        C        D        E       F      G
               +--------+--------+--------+--------+--------+-----+--------+
         Total |   3148 |   3048 |    100 |    511 |   1922 |   4 |  787.0 |
       Dungeon |   3148 |   3048 |    100 |    511 |   1922 |   4 |  787.0 |
               +--------+--------+--------+--------+--------+-----+--------+

Top non-repeatable levels by time:
     D:2: 1483 daAuts
     D:1: 911 daAuts
     D:3: 417 daAuts
     D:4: 336 daAuts
